 Dungeon Crawl Stone Soup version 0.30-a0-1116-gebefce21f7 (webtiles) character file.

Game seed: 13155577631309049871

3196 mandoloar the Sneak (level 9, 0/59 HPs)
             Began as an Octopode Venom Mage on Apr 21, 2023.
             Was a Believer of Cheibriados (penitent).
             Slain by a sixfirhy (8 damage)
             ... summoned by a kobold demonologist
             ... on level 8 of the Dungeon.
             The game lasted 00:52:53 (16098 turns).

mandoloar the Sneak (Octopode Venom Mage)          Turns: 16098, Time: 00:52:54

Health: 0/59       AC:  5    Str: 14    XL:     9   Next: 96%
Magic:  11/16      EV: 14    Int: 21    God:    Cheibriados [**....]
Gold:   344        SH:  0    Dex: 12    Spells: 8/17 levels left

rFire   + . .      SeeInvis .      - Unarmed
rCold   . . .      Faith    .    (no shield)
rNeg    . . .      Spirit   .    (helmet restricted)
rPois   +          Reflect  .    (no amulet)
rElec   .          Rampage  .    i - +6 ring of strength
rCorr   .                        h - ring of poison resistance
Will    .....                    l - +4 ring of protection
Stlth   ++++                     q - ring of protection from fire
HPRegen 0.29/turn                (no ring)
MPRegen 0.15/turn                (no ring)
                                 (no ring)
                                 (no ring)

@: hasted, slow
A: almost no armour, amphibious, 8 rings, camouflage 1, gelatinous body 1,
(nimble swimmer 1), tentacles
a: Renounce Religion


You were on level 8 of the Dungeon.
You worshipped Cheibriados.
Cheibriados was demanding penance.
You visited 2 branches of the dungeon, and saw 9 of its levels.
You also visited: Sewer.

You collected 344 gold pieces.

Inventory:

Hand Weapons
 a - a +1 sling
 c - a +0 short sword of venom
Missiles
 f - 6 datura-tipped darts
 j - 88 stones
 k - 15 poisoned darts
 p - 7 boomerangs
Jewellery
 h - a ring of poison resistance (right tentacle)
 i - a +6 ring of strength (left tentacle)
 l - a +4 ring of protection (on tentacle)
 q - a ring of protection from fire (on tentacle)
 y - a ring of fire
Wands
 m - a wand of roots (2)
 r - a wand of digging (1)
 u - a wand of charming (19)
Scrolls
 e - 2 scrolls of vulnerability
 n - 2 scrolls of teleportation
 z - a scroll of enchant weapon
Potions
 b - a potion of magic
 d - 4 potions of might
 g - a potion of attraction
 o - 4 potions of curing
 s - a potion of cancellation {unknown}
 t - a potion of flight
 w - a potion of mutation


   Skills:
 + Level 4.7 Fighting
 + Level 5.2 Dodging
 + Level 7.4 Stealth
 + Level 4.7 Unarmed Combat
 + Level 4.9 Spellcasting
 + Level 4.9 Transmutations
 + Level 6.7 Poison Magic
 + Level 4.1 Invocations


You had 8 spell levels left.
You knew the following spells:

 Your Spells              Type           Power      Damage    Failure   Level
a - Sting                 Tmut/Pois      100%       1d8       1%          1
b - Poisonous Vapours     Pois/Air       38%        N/A       4%          2
c - Olgreb's Toxic Radia  Pois           33%        N/A       7%          4
d - Wereblood             Tmut           26%        N/A       2%          2

Your spell library contained the following spells:

 Spells                   Type           Power      Damage    Failure   Level
 Beastly Appendage        Tmut           52%        N/A       1%          1
 Spider Form              Tmut/Pois      29%        N/A       3%          3
 Passwall                 Tmut/Erth      12%        N/A       6%          2
 Mephitic Cloud           Conj/Pois/Air  14%        N/A       13%         3
 Ensorcelled Hibernation  Hex/Ice        10%        N/A       17%         2
 Inner Flame              Hex/Fire       5%         N/A       32%         3
 Portal Projectile        Hex/Tloc       10%        N/A       32%         3
 Swiftness                Air            5%         N/A       32%         3
 Tukima's Dance           Hex            5%         N/A       32%         3
 Blade Hands              Tmut           13%        N/A       36%         5
 Flame Wave               Conj/Fire      5%         2d5       73%         4
 Sticky Flame             Conj/Fire      5%         2d3       73%         4


Dungeon Overview and Level Annotations

Branches:
Dungeon (8/15)             Temple (1/1) D:6           Sewer (visited)
   Lair: D:8-11

Altars:
Ashenzari
Cheibriados
Dithmenos
Elyvilon
Fedhas
Gozag
Makhleb
Nemelex Xobeh
Qazlal
Ru
Sif Muna
Trog
Uskayaw
Wu Jian
Xom
Yredelemnul
Zin
The Shining One

Shops:
D:4 [   D:6 :

Annotations:
D:3 2 transporters, 1 runed translucent door, benadryl's ghost, amateur GnRe
D:6 exclusion: oklob plant
D:8 Psyche


Innate Abilities, Weirdness & Mutations

You cannot wear most types of armour.
You are amphibious.
You can wear up to eight rings at the same time.
Your skin changes colour to match your surroundings (Stealth+).
Your rubbery body absorbs attacks. (AC +1, EV +1)
((You are camouflaged when in or above water. (Stealth+)))
You have tentacles for arms and can constrict up to eight enemies at once.


Message History

The kobold demonologist mumbles some strange words.
The ufetubus is poisoned.
Your toxic aura wanes.
You see here a +0 dagger.
The sting hits the ufetubus.
The ufetubus looks even sicker.
The ufetubus is moderately wounded.
The sixfirhy hits you! The sixfirhy shocks you!
The sixfirhy barely misses you. x2
The kobold demonologist miscasts a cantrip.
Casting: Sting (safe; 1% risk of failure)
Confirm with . or Enter, or press ? or * to list all spells.
Aiming: Poisonous Vapours (safe; 2% risk of failure)
Press: ? - help, Dir - move target, f - kobold demonologist, p - ufetubus
Aim: a kobold demonologist, wielding a +0 dagger and wearing a +0 robe (heavily wounded, very poisoned) Poisonous vapours surround the kobold demonologist!
The kobold demonologist looks even sicker.
The sixfirhy hits you! The sixfirhy shocks you!
The ufetubus hits you but does no damage.
The ufetubus misses you. The sixfirhy attacks as you move away!
The sixfirhy closely misses you.
The kobold demonologist looks braver for a moment.
The sixfirhy barely misses you. The sixfirhy completely misses you.
The sixfirhy misses you. The sixfirhy closely misses you.
The sixfirhy hits you but does no damage.
The sixfirhy attacks as you move away! The sixfirhy hits you.
The sixfirhy shocks you!
* * * LOW HITPOINT WARNING * * *
The kobold demonologist casts a spell.
The shadow imp picks up a beetle and eats it.
Okay, then.
Okay, then.
Really quaff the potion of haste?
This action would place you under penance!
You feel yourself speed up.
Cheibriados thinks you should slow down.
You feel extremely guilty.
You can no longer warp the flow of time around you.
Cheibriados lowers the support of your attributes as your movement quickens. "You will pay for your transgression, mortal!"
The sixfirhy barely misses you. The sixfirhy attacks as you move away!
The sixfirhy hits you!
You die...

.....[...........
#................. #
#.###.))...§.§.... .#.#
##...))......# ### ##.
##....5.§...# #..# #..
##...5#.......
....###.#####...K..##....
.......#.##.....35..#....
.......)......#.@........
............[...........#
...........#...#...##...#
####.....#####....##
..<.. ###...# ##...# ....
#...# ##...# .... ##..#
##... #..# #.. ##..# .#


You could see a kobold demonologist (very poisoned), a sixfirhy (summoned), 2
iron imps and a shadow imp (summoned).

Vanquished Creatures
  3 steam dragons
  3 water moccasins
  A black bear (D:4)
  2 orc warriors (D:6)
  2 ice beasts (D:5)
  2 ogres
  Pargi (Sewer)
  A phantom (D:5)
  A bullfrog (D:8)
  A gnoll sergeant (D:8)
  3 scorpions
  4 wights
  A howler monkey (D:7)
  3 jellies
  5 hounds
  6 orc priests
  6 iguanas
  9 orc wizards
  A sleepcap (D:6)
  13 gnolls
  4 adders
  2 shadow imps
  A white imp (D:7)
  A worm (D:5)
  3 dart slugs
  25 orcs
  3 bats
  15 endoplasms
  8 giant cockroaches
  7 hobgoblins
  10 jackals
  24 kobolds
  5 quokkas
  5 ball pythons
  5 frilled lizards
  13 goblins
  5 rats
204 creatures vanquished.

Vanquished Creatures (others)
  5 fungi (D:2)
  A plant (D:6)
  7 toadstools (D:2)
13 creatures vanquished.

Grand Total: 217 creatures vanquished

Notes
Turn   | Place    | Note
-------+----------+-------------------------------------------
     0 | D:1      | mandoloar the Octopode Venom Mage began the quest for the
                  | Orb.
     0 | D:1      | Reached XP level 1. HP: 11/11 MP: 3/3
   227 | D:1      | Reached XP level 2. HP: 18/18 MP: 0/5
   480 | D:1      | Learned a level 2 spell: Poisonous Vapours
   564 | D:1      | Reached skill level 3 in Stealth
  1016 | D:2      | Found a faded altar of an unknown god.
  1024 | D:2      | Reached XP level 3. HP: 22/22 MP: 2/6
  1321 | D:2      | Reached skill level 1 in Fighting
  1404 | D:2      | Reached skill level 1 in Unarmed Combat
  1637 | D:2      | Reached XP level 4. HP: 14/28 MP: 4/7
  1827 | D:2      | Learned a level 4 spell: Olgreb's Toxic Radiance
  1876 | D:2      | Reached XP level 5. HP: 30/33 MP: 5/8
  3664 | D:3      | Found a transporter.
  3668 | D:3      | Found a transporter.
  3674 | D:3      | Identified the +0 robe "Oxtor" {SInv}
  3676 | D:3      | Found a shadowy altar of Dithmenos.
  3983 | D:3      | Found a runed translucent door.
  3987 | D:3      | Noticed benadryl's ghost (amateur GnRe)
  4182 | D:3      | Reached skill level 4 in Stealth
  4182 | D:3      | Reached XP level 6. HP: 5/39 MP: 8/10
  5305 | D:4      | Found Kedif's Antique Armour Boutique.
  5629 | D:4      | Learned a level 2 spell: Wereblood
  6440 | D:4      | Noticed a black bear
  6441 | D:4      | Reached XP level 7. HP: 43/45 MP: 8/11
  6830 | D:4      | Found a basalt altar of Yredelemnul.
  6972 | D:4      | Found a snail-covered altar of Cheibriados.
  6981 | D:4      | Became a worshipper of Cheibriados the Contemplative
  7052 | D:4      | Found a shimmering altar of Xom.
  7195 | D:4      | Reached skill level 5 in Stealth
  7195 | D:4      | Reached skill level 5 in Poison Magic
  7353 | D:5      | Entered Level 5 of the Dungeon
  7528 | D:5      | Found a glowing drain.
  7568 | Sewer    | Entered a sewer
  7662 | Sewer    | Noticed Pargi
  7674 | Sewer    | Killed Pargi
  7925 | D:5      | Reached skill level 1 in Invocations
  7925 | D:5      | Reached XP level 8. HP: 40/52 MP: 13/13
  9705 | D:5      | Reached * piety under Cheibriados
  9706 | D:5      | Reached skill level 6 in Stealth
 10773 | D:6      | Reached XP level 9. HP: 58/58 MP: 10/15
 10824 | D:6      | Found a staircase to the Ecumenical Temple.
 11814 | D:6      | Found Vyfek's Book Shoppe.
 11826 | D:6      | Reached ** piety under Cheibriados
 11977 | Temple   | Entered the Ecumenical Temple
 12233 | D:6      | Found a glowing golden altar of the Shining One.
 12362 | D:6      | Found a blossoming altar of Fedhas.
 12381 | D:6      | Noticed an oklob plant
 12658 | D:4      | Found a stormy altar of Qazlal.
 12658 | D:4      | Found a sacrificial altar of Ru.
 12658 | D:4      | Found a glowing silver altar of Zin.
 12661 | D:4      | Found a burning altar of Makhleb.
 13066 | D:7      | Reached skill level 7 in Stealth
 13399 | D:7      | Reached skill level 5 in Dodging
 14888 | D:8      | Reached *** piety under Cheibriados
 15429 | D:8      | Noticed Psyche
 16085 | D:8      | Noticed a kobold demonologist
 16089 | D:8      | Noticed a sixfirhy
 16097 | D:8      | Was placed under penance by Cheibriados
 16098 | D:8      | Slain by a sixfirhy

Illustrated notes

Levels and vault maps discovered:
D:1:      beargit_arrival_diablo_church, layout_basic
D:2:      cheibrodos_fertilizer, layout_basic,
          dreamdust_ecumenical_altar_statues, minmay_misc_feat_iff
D:3:      layout_loops_corners, gammafunk_temple_overflow_arena,
          ebering_ghost_reflecting_pool
D:4:      layout_rooms, nicolae_overflow_hidden_temple,
          mainiacjoe_overflow_surrounded_room, kennysheep_slug_shrine,
          serial_shops, shop, minmay_diced_spiral
D:5:      layout_layer_cave, gup_sewer_entry_pipe
D:6:      layout_rooms, tgw_fedhas, mainiacjoe_overflow_alcove_4,
          temple_statues, serial_shops, nicolae_shop_statue_plus
D:7:      layout_gridville, enter_bailey_3
D:8:      layout_layer_cave, uniq_psyche
Temple:   nicolae_temple_bog_church

Skill      XL: |  1  2  3  4  5  6  7  8  9 |
---------------+----------------------------+-----
Stealth        | 3 4 5 6 7 |  7.4
Fighting       | 1 2 3 4 |  4.7
Unarmed Combat | 1 2 3 4 |  4.7
Poison Magic   | 4 5 6 |  6.7
Transmutations | 2 3 4 |  4.9
Dodging        | 3 4 5 |  5.2
Spellcasting   | 3 4 |  4.9
Invocations    | 1 2 4 |  4.1

Action                     |  1- 3 |  4- 6 |  7- 9 || total
---------------------------+-------+-------+-------++-------
  Melee: Unarmed           |    29 |       |    48 ||    77
         Constrict         |     9 |    17 |    36 ||    62
         Tentacles         |     8 |    20 |    44 ||    72
         Short sword       |     5 |    72 |   149 ||   226
         Punch             |       |     1 |     9 ||    10
   Fire: Sling             |     1 |       |       ||     1
  Throw: Stone             |       |     1 |     1 ||     2
         Dart              |       |    41 |    18 ||    59
         Boomerang         |       |       |     3 ||     3
   Cast: Sting             |    47 |    97 |    77 ||   221
         Poisonous Vapours |       |       |    35 ||    35
         Wereblood         |       |       |    12 ||    12
         Olgreb's Toxic Ra |       |       |    30 ||    30
 Invoke: Bend Time         |       |       |     1 ||     1
    Use: Scroll            |     4 |     6 |    12 ||    22
         Potion            |       |       |     3 ||     3
   Stab: Sleeping          |       |     1 |       ||     1
 Armour: Skin              |     1 |     8 |    50 ||    59
  Dodge: Dodged            |    49 |    51 |   180 ||   280

Table legend: (Time is in decaauts)
 A = Elapsed time spent in this place.
 B = Non-inter-level travel time spent in this place.
 C = Inter-level travel time spent in this place.
 D = Time resting spent in this place.
 E = Time spent auto-exploring this place.
 F = Levels seen in this place.
 G = Mean time per level.
                   A        B        C        D        E       F      G
               +--------+--------+--------+--------+--------+-----+--------+
         Total |  17472 |  16452 |   1020 |   7657 |   6059 |  10 | 1747.2 |
       Dungeon |  16963 |  15980 |    983 |   7617 |   5739 |   8 | 2120.4 |
        Temple |    237 |    201 |     36 |      0 |    189 |   1 |  237.0 |
         Sewer |    271 |    271 |      0 |     40 |    130 |   1 |  271.0 |
               +--------+--------+--------+--------+--------+-----+--------+

Top non-repeatable levels by time:
     D:5: 4245 daAuts
     D:7: 3083 daAuts
     D:3: 2083 daAuts
     D:2: 2071 daAuts
     D:4: 1969 daAuts
     D:6: 1545 daAuts
     D:1: 1366 daAuts
     D:8: 597 daAuts
   Sewer: 271 daAuts
  Temple: 237 daAuts
